 Dungeon Crawl Stone Soup version 0.19-a0-1238-gee6bd96 (webtiles) character file.

281 Vasilisck the Covered (level 6, -5/49 HPs)
             Began as a Formicid Fighter on Aug 26, 2016.
             Slain by an ogre
             ... wielding a +0 giant club
              (17 damage)
             ... on level 4 of the Dungeon.
             The game lasted 00:08:31 (3001 turns).

Vasilisck the Covered (Formicid Fighter)            Turns: 3001, Time: 00:08:32

Health: -5/49      AC: 12    Str: 23    XL:     6   Next: 53%
Magic:  6/6        EV:  6    Int:  7    God:
Gold:   189        SH: 10    Dex: 10    Spells: 0 memorised, 5 levels left

rFire  . . .     SeeInvis +     d - +2 trident (vamp)
rCold  . . .     Gourm    .     j - +0 chain mail
rNeg   . . .     Faith    .     c - +0 shield
rPois  .         Spirit   .     (helmet unavailable)
rElec  .         Dismiss  .     g - +0 cloak
rCorr  .         Reflect  .     n - +0 pair of gloves
MR     .....     Harm     .     (no boots)
Stlth  ..........               (no amulet)
                                (no ring)
                                (no ring)

@: no status effects
A: permanent stasis, dig shafts and tunnels, four strong arms, antennae 3
a: Dig, Shaft Self


You were on level 4 of the Dungeon.
You were near starving.

You visited 1 branch of the dungeon, and saw 4 of its levels.

You collected 189 gold pieces.

Inventory:

Hand Weapons
 a - a +0 long sword
 d - a +2 vampiric trident (weapon)
Armour
 c - a +0 shield (worn)
 g - a +0 cloak (worn)
 j - a +0 chain mail (worn)
 n - a +0 pair of gloves (worn)
Scrolls
 e - a scroll of fog
 i - 4 scrolls of identify
 k - 2 scrolls of remove curse
 o - a scroll of enchant armour {unknown}
 p - a scroll of fear {unknown}
Potions
 b - a potion of haste
 l - a potion of flight
 m - a potion of curing {unknown}
Comestibles
 f - 4 bread rations
 h - 20 fruits


   Skills:
 + Level 4.3 Fighting
 + Level 3.7 Long Blades
 + Level 5.0 Armour
 + Level 5.0 Shields


You had 5 spell levels left.
You didn't know any spells.

Dungeon Overview and Level Annotations

Branches:
Dungeon (4/15)
 Temple: D:4-7

Altars:
Qazlal
Sif Muna
Zin


Innate Abilities, Weirdness & Mutations

You are under a permanent stasis effect.
You can dig through walls and to a lower floor.
Your four strong arms can wield two-handed weapons with a shield.
You have a pair of large antennae on your head. (SInv)


Message History

Press: ? - help, Dir - move target cursor, f/p - ogre
Aim: an ogre, wielding a giant club (lightly wounded)
You reach to attack!
You barely miss the ogre.
The ogre is lightly wounded.
You block the ogre's attack. The ogre hits you with a giant club!
* * * LOW HITPOINT WARNING * * *
You are too injured to fight recklessly!
You are too injured to fight recklessly!
An ogre is nearby!
You swing at nothing.
You block the ogre's attack.
You swing at nothing.
You block the ogre's attack.
It was a potion of haste.
Your stasis keeps you stable.
You closely miss the ogre.
The ogre is lightly wounded.
You block the ogre's attack.
You puncture the ogre!
You feel better.
The ogre is moderately wounded.
The ogre hits you with a giant club!
You die...

#.# #.# #.# #.# #.# #.#
############.####### #
##........O@........#
#.###...#########.#####.#
#.................# #.#
..###....#.######### #.#
#.#.##.#############.#
#.#.##...............# #
#.#.################.# #
#.#.# #######.## # #.#.#
..[......# #


You could see an ogre.

Vanquished Creatures
  3 orc wizards (D:3)
  An iguana (D:4)
  A howler monkey zombie (D:3)
  A gnoll (D:1)
  7 adders
  An ooze (D:4)
  A dart slug (D:1)
  3 giant geckos
  7 orcs
  3 ball pythons
  6 bats
  4 giant cockroaches
  11 hobgoblins
  12 kobolds
  2 quokkas (D:2)
  2 giant newts
  4 goblins
  9 rats
78 creatures vanquished.

Notes
Turn   | Place    | Note
-------+----------+-------------------------------------------
     0 | D:1      | Vasilisck the Formicid Fighter began the quest for the Orb.
     0 | D:1      | Reached XP level 1. HP: 18/18 MP: 1/1
    82 | D:1      | Reached XP level 2. HP: 24/24 MP: 2/2
   180 | D:1      | Reached XP level 3. HP: 26/29 MP: 3/3
  1022 | D:2      | Reached XP level 4. HP: 33/37 MP: 4/4
  1096 | D:2      | Found a glowing silver altar of Zin.
  1096 | D:2      | Noticed an angel
  1722 | D:3      | Reached XP level 5. HP: 37/42 MP: 5/5
  1796 | D:3      | Found a stormy altar of Qazlal.
  2354 | D:3      | Found a deep blue altar of Sif Muna.
  2386 | D:3      | Reached XP level 6. HP: 19/48 MP: 6/6
  2852 | D:4      | Reached skill level 5 in Armour
  2852 | D:4      | Reached skill level 5 in Shields
  2976 | D:4      | Noticed an ogre
  3001 | D:4      | Slain by an ogre

Vault maps used:
D:1:      tarquinn_simple_flora_water_d, serial_corexii_hall,
          corexii_hall_statues_x, corexii_hall_statues_s
D:2:      zin_angel, dk_vineyard_1
D:3:      nicolae_overflow_crystal_walls, led_sif_book
D:4:      kiku_gazebo_pond_becter, tso_oasis_becter, first_bread, minmay_bent

Skill      XL: |  1  2  3  4  5  6 |
---------------+-------------------+-----
Shields        | 4 5 |  5.0
Armour         | 4 5 |  5.0
Long Blades    | 3 |  3.7
Fighting       | 4 |  4.3

Action                   |  1- 3 |  4- 6 || total
-------------------------+-------+-------++-------
Melee: Long sword        |   136 |   158 ||   294
       Trident           |       |    75 ||    75
 Abil: Dig               |       |     2 ||     2
  Use: Scroll            |       |     4 ||     4
       Potion            |       |     2 ||     2
  Eat: Chunk             |       |     3 ||     3
       Royal jelly       |       |     1 ||     1
       Fruit             |       |     2 ||     2
       Bread ration      |       |     1 ||     1
Armor: Scale mail        |    26 |       ||    26
       Chain mail        |    33 |   143 ||   176
Dodge: Dodged            |    45 |    46 ||    91
Block: Shield            |    62 |   123 ||   185
